 Dungeon Crawl Stone Soup version 0.27.1-2-g3b301248ec (webtiles) character file.

Game seed: 15321375457489825605

1 MisterFreud the Ducker (level 1, 0/10 HPs)
             Began as a Felid Berserker on Sept 26, 2021.
             Was a Follower of Trog.
             Slain by a kobold (6 damage)
             ... on level 1 of the Dungeon.
             The game lasted 00:00:33 (41 turns).

MisterFreud the Ducker (Felid Berserker)              Turns: 41, Time: 00:00:35

Health: 0/10       AC:  1    Str: 13    XL:     1   Next: 16%
Magic:  2/2        EV: 18    Int:  8    God:    Trog [*.....]
Gold:   7          SH:  0    Dex: 15    Spells: 0/0 levels left
                                        Lives:  0   Deaths: 0

rFire    . . .     SeeInvis +     - Unarmed
rCold    . . .     Faith    .   (shield unavailable)
rNeg     . . .     Spirit   .   (armour unavailable)
rPois    .         Reflect  .   (helmet unavailable)
rElec    .         Harm     .   (cloak unavailable)
rCorr    .         Rampage  .   (gloves unavailable)
Will     .....                  (boots unavailable)
Stlth    ++........             (no amulet)
HPRegen  0.03/turn              (no ring)
MPRegen  0.08/turn              (no ring)

@: quick
A: very small, claws 1, fangs 3, see invisible, speed 1, shaggy fur 1, stealthy
paws, no weapons or thrown items, no armour, multi-lived
a: Renounce Religion, Berserk


You were on level 1 of the Dungeon.
You worshipped Trog.
Trog was aware of your devotion.
You visited 1 branch of the dungeon, and saw 1 of its levels.

You collected 7 gold pieces.

Inventory:

Scrolls
 a - a scroll of vulnerability {unknown}


   Skills:
 - Level 3.0 Fighting
 - Level 4.0 Dodging
 + Level 0.4 Stealth
 + Level 3.0 Unarmed Combat


You couldn't memorise any spells.
You didn't know any spells.
Your spell library was empty.

Dungeon Overview and Level Annotations

Branches:
Dungeon (1/15)

Altars:


Innate Abilities, Weirdness & Mutations

You have sharp claws.
You have razor-sharp teeth.
You have supernaturally acute eyesight. (SInv)
You cover ground quickly. (Speed+)
You are covered in fur. (AC +1)
Your paws help you pounce on unaware monsters.
You are incapable of wielding weapons or throwing items.
You cannot wear armour.
You gain extra lives every three experience levels.


Message History

Trog says: Kill them all!
Press ? for a list of commands and other information.
Found 7 gold pieces.
Found a staircase leading out of the dungeon.
Unknown command.
Your library has no spells.
Your library has no spells.
Your library has no spells.
Your library has no spells.
Your library has no spells.
Your library has no spells.
You now have 7 gold pieces.
Found a scroll labelled ISMESEG MERHE and a short sword.
A giant cockroach comes into view.
A giant cockroach is nearby!
You pounce on the unaware helpless giant cockroach!
You claw the giant cockroach!
You kill the giant cockroach!
Trog accepts your kill.
a - a scroll labelled ISMESEG MERHE No target in view!
As you open the door, it creaks loudly!
A rat and a kobold come into view.
The kobold shouts!
You hear an angry hiss.
The kobold throws a stone.
The stone hits you.
An endoplasm comes into view.
There is an open door here.
There are monsters nearby!
The endoplasm quivers.
The kobold hits you with a +0 short sword.
There are monsters nearby!
You closely miss the kobold. Your bite misses the kobold.
The kobold hits you with a +0 short sword.
You closely miss the kobold.
The endoplasm jiggles.
The rat barely misses you.
A ball python comes into view.
The kobold hits you with a +0 short sword.
Ouch! That really hurt!
You die...

..........S...
.............
..........#
#J........+
#.........#
#.##.........#
......Kr.....#
.......@.....#
....####'#####
. #.#
#.#####.#.
#.........
#.......#
#.########.
#..........
#..).......


You could see an endoplasm, a ball python (wandering), a kobold and a rat.

Vanquished Creatures
  A giant cockroach (D:1)
1 creature vanquished.

Notes
Turn   | Place    | Note
-------+----------+-------------------------------------------
     0 | D:1      | MisterFreud the Felid Berserker began the quest for the
                  | Orb.
     0 | D:1      | Reached XP level 1. HP: 10/10 MP: 2/2
    41 | D:1      | Slain by a kobold

Illustrated notes

Levels and vault maps discovered:
D:1:      minmay_arrival_plants_in_alcoves, layout_basic,
          shapermc_ecumenical_altar_ellora, minivault_4,
          minmay_misc_feat_pillars

Action                   || total
-------------------------++-------
Melee: Unarmed           ||     3
 Stab: Sleeping          ||     1
Dodge: Dodged            ||     1
